 Dungeon Crawl Stone Soup version 0.30-a0-779-g7971cf19c3 (webtiles) character file.

Game seed: 13915138204761601504

1530 Dittersdorf the Shield-Bearer (level 8, -6/52 HPs)
             Began as a Gargoyle Fighter on Feb 17, 2023.
             Mangled by an ice beast (12 damage)
             ... on level 6 of the Dungeon.
             The game lasted 00:05:50 (5127 turns).

Dittersdorf the Shield-Bearer (Gargoyle Fighter)    Turns: 5127, Time: 00:05:51

Health: -6/52      AC: 17    Str: 22    XL:     8   Next: 85%
Magic:  8/8        EV:  7    Int:  9    God:
Gold:   367        SH:  7    Dex: 15    Spells: 7/7 levels left

rFire   . . .      SeeInvis .    a - +0 flail
rCold   . . .      Faith    .    c - +1 buckler
rNeg    + . .      Spirit   .    m - +0 chain mail
rPois   ∞          Reflect  .    g - +0 helmet
rElec   +          Harm     .    (no cloak)
rCorr   .          Rampage  .    (no gloves)
Will    .....                    (no boots) Stlth
                                 e - amulet of magic regeneration
HPRegen 0.28/turn                w - +6 ring of dexterity
MPRegen 0.51/turn                (no ring)

@: no status effects
A: sickness immunity, AC +5, negative energy resistance 1, electricity
resistance, torment resistance 1, petrification resistance
a: no special abilities


You were on level 6 of the Dungeon.
You visited 1 branch of the dungeon, and saw 6 of its levels.

You collected 367 gold pieces.

Inventory:

Hand Weapons
 a - a +0 flail (weapon)
Armour
 c - a +1 buckler (worn)
 g - a +0 helmet (worn)
 m - a +0 chain mail (worn)
Jewellery
 e - an amulet of magic regeneration (around neck)
 w - a +6 ring of dexterity (left hand)
Scrolls
 b - 4 scrolls of teleportation
 f - a scroll of acquirement {unknown}
 l - a scroll of magic mapping
 r - a scroll of fear {unknown}
 u - 3 scrolls of immolation {unknown}
Potions
 d - 2 potions of might
 h - 2 potions of degeneration {unknown}
 i - 4 potions of brilliance {unknown}
 j - a potion of invisibility {unknown}
 k - 2 potions of flight {unknown}
 n - a potion of curing {unknown}
 o - a potion of attraction {unknown}
 p - a potion of haste
 q - 2 potions of heal wounds {unknown}
 s - 2 potions of resistance
 t - 5 potions of mutation
 v - 2 potions of ambrosia


   Skills:
 + Level 6.7 Fighting
 + Level 5.6 Maces & Flails
 + Level 6.7 Armour
 + Level 6.7 Shields


You had 7 spell levels left.
You didn't know any spells.
Your spell library contained the following spells:

 Spells                   Type           Power      Damage    Failure   Level
 Beastly Appendage        Tmut           0%         N/A       98%         1
 Ensorcelled Hibernation  Hex/Ice        0%         N/A       99%         2
 Passwall                 Tmut/Erth      0%         N/A       99%         2
 Wereblood                Tmut           0%         N/A       99%         2
 Spider Form              Tmut/Pois      0%         N/A       100%        3
 Swiftness                Air            0%         N/A       100%        3
 Petrify                  Tmut/Erth      0%         N/A       100%        4
 Metabolic Englaciation   Hex/Ice        0%         N/A       100%        5
 Statue Form              Tmut/Erth      Unusable   N/A       N/A         6

Dungeon Overview and Level Annotations

Branches:
Dungeon (6/15)
 Temple: D:4-7

Altars:
Xom

Shops:
D:4 *

Annotations:
D:4 1 runed translucent door, necrobotica's ghost, amateur DECj
D:6 Blork the orc


Innate Abilities, Weirdness & Mutations

You are immune to sickness and miasma.
Your stone body is resilient. (AC +5)
You are immune to poison.
You resist negative energy. (rN+)
You are resistant to electric shocks. (rElec)
You are resistant to unholy torment.
You are immune to petrification.


Message History

The ice beast hits you but does no damage.
The ice beast attacks as you move away! You block the ice beast's attack.
Blork the orc zaps a wand.
You block the puff of flame. The ice beast attacks as you move away!
The ice beast hits you but does no damage.
The ice beast attacks as you move away! The ice beast completely misses you.
Blork the orc barely misses you. The ice beast attacks as you move away!
You block the ice beast's attack.
Blork the orc hits you from afar with a +2 glaive of flaming.
* * * LOW HITPOINT WARNING * * *
Blork the orc burns you.
* * * LOW HITPOINT WARNING * * *
The ice beast attacks as you move away! The ice beast barely misses you.
Blork the orc casts a cantrip, but nothing happens.
The ice beast attacks as you move away! You block the ice beast's attack.
You block Blork the orc's attack. The ice beast attacks as you move away!
You block the ice beast's attack. The ice beast attacks as you move away!
The ice beast hits you but does no damage.
You block Blork the orc's attack. The ice beast attacks as you move away!
The ice beast barely misses you. The ice beast attacks as you move away!
The ice beast closely misses you.
Blork the orc gestures at you while chanting.
You block the puff of frost. The ice beast attacks as you move away!
You block the ice beast's attack.
Blork the orc is no longer moving quickly.
Blork the orc casts a spell at you.
The puff of flame hits you but does no damage.
The ice beast attacks as you move away! The ice beast barely misses you.
The ice beast attacks as you move away!
The ice beast hits you but does no damage.
Blork the orc looks satisfied for a moment.
Blork the orc gestures wildly while chanting.
Blork the orc seems to speed up.
The ice beast attacks as you move away!
The ice beast hits you but does no damage.
The ice beast attacks as you move away! The ice beast hits you.
* * * LOW HITPOINT WARNING * * *
The ice beast freezes you!
You die...

............##.####
...................
..........#........
..................
.........##.o....
###..###....#.#
)....# ###...o#####
###### ##.5.....##
# ##...Y@<.### #
##........# .
#.....##..# #
##.>...# ....
##......# ###
####.).....#
#..........#
############


You could see Blork the orc (fast), an ice beast and a shadow imp.

Vanquished Creatures
  A vampire mosquito (D:6)
  A water moccasin (D:6)
  An ice beast (D:6)
  A sky beast (D:6)
  2 centaurs (D:6)
  A phantom (D:6)
  A necrophage (D:5)
  2 scorpions
  A bullfrog (D:6)
  3 howler monkeys
  A hound (D:6)
  2 orc priests (D:6)
  2 jellies (D:4)
  2 iguanas (D:4)
  4 orc wizards (D:4)
  Robin (D:2)
  12 adders
  2 white imps
  2 worms
  4 dart slugs
  2 orcs (D:6)
  4 bats
  8 endoplasms
  2 giant cockroaches (D:1)
  5 hobgoblins
  8 jackals
  8 kobolds
  7 quokkas
  7 ball pythons
  5 frilled lizards
  12 goblins
  4 rats
118 creatures vanquished.

Vanquished Creatures (others)
  2 orc wizards (D:4)
  2 withered plants (D:4)
4 creatures vanquished.

Grand Total: 122 creatures vanquished

Notes
Turn   | Place    | Note
-------+----------+-------------------------------------------
     0 | D:1      | Dittersdorf the Gargoyle Fighter began the quest for the
                  | Orb.
     0 | D:1      | Reached XP level 1. HP: 14/14 MP: 1/1
   132 | D:1      | Reached XP level 2. HP: 11/19 MP: 2/2
   240 | D:1      | Found a faded altar of an unknown god.
   387 | D:1      | Reached XP level 3. HP: 23/23 MP: 3/3
   858 | D:2      | Noticed Robin
   871 | D:2      | Killed Robin
   872 | D:2      | Reached XP level 4. HP: 28/29 MP: 4/4
  1229 | D:2      | Identified the +1 leather armour of the Shore {Str+2}
  1724 | D:3      | Reached XP level 5. HP: 21/33 MP: 5/5
  2405 | D:4      | Found Jusut's Fire Supplies.
  2497 | D:4      | Reached XP level 6. HP: 33/39 MP: 6/6
  2606 | D:4      | Found a shimmering altar of Xom.
  2868 | D:4      | Reached skill level 5 in Fighting
  2868 | D:4      | Reached skill level 5 in Armour
  2868 | D:4      | Reached skill level 5 in Shields
  2948 | D:4      | Reached XP level 7. HP: 41/44 MP: 7/7
  3418 | D:4      | Found a runed translucent door.
  3419 | D:4      | Noticed necrobotica's ghost (amateur DECj)
  3617 | D:5      | Entered Level 5 of the Dungeon
  4494 | D:6      | Reached XP level 8. HP: 51/51 MP: 8/8
  4533 | D:6      | Reached skill level 5 in Maces & Flails
  5076 | D:6      | Noticed Blork the orc
  5127 | D:6      | Mangled by an ice beast

Illustrated notes

Levels and vault maps discovered:
D:1:      minmay_arrival_arboretum_small, layout_basic,
          ebering_ecumenical_altar_hall, hex_medium, feat_on_display
D:2:      layout_loops_ring, amcnicky_mini_corridor_feature, uniq_robin
D:3:      layout_basic
D:4:      layout_basic, mainiacjoe_overflow_alcove_1, gammafunk_ghost_grave,
          nicolae_shop_fire_sale [nicolae_sub_dead_trees],
          minmay_a_box_with_orc_wizards_in_it
D:5:      layout_basic, saegor_snake_ambush
D:6:      layout_rooms, marbit_many_paths,
          hangedman_abyss_or_decor_jellyfish_corner, uniq_blork_the_orc,
          uniq_pikel

Skill      XL: |  1  2  3  4  5  6  7  8 |
---------------+-------------------------+-----
Shields        | 4 5 6 |  6.7
Fighting       | 4 5 6 |  6.7
Armour         | 4 5 6 |  6.7
Maces & Flails | 3 4 5 |  5.6

Action                     |  1- 3 |  4- 6 |  7- 9 || total
---------------------------+-------+-------+-------++-------
  Melee: Flail             |   140 |   240 |   248 ||   628
    Use: Scroll            |       |     8 |     2 ||    10
 Armour: Scale mail        |    47 |       |       ||    47
         Chain mail        |    51 |   195 |   191 ||   437
  Dodge: Dodged            |    65 |    73 |   100 ||   238
  Block: Buckler           |    49 |    59 |   109 ||   217

Table legend: (Time is in decaauts)
 A = Elapsed time spent in this place.
 B = Non-inter-level travel time spent in this place.
 C = Inter-level travel time spent in this place.
 D = Time resting spent in this place.
 E = Time spent auto-exploring this place.
 F = Levels seen in this place.
 G = Mean time per level.
                   A        B        C        D        E       F      G
               +--------+--------+--------+--------+--------+-----+--------+
         Total |   5311 |   5046 |    265 |    452 |   3293 |   6 |  885.2 |
       Dungeon |   5311 |   5046 |    265 |    452 |   3293 |   6 |  885.2 |
               +--------+--------+--------+--------+--------+-----+--------+

Top non-repeatable levels by time:
     D:4: 1364 daAuts
     D:2: 932 daAuts
     D:5: 855 daAuts
     D:3: 750 daAuts
     D:6: 725 daAuts
     D:1: 682 daAuts
